[Event "Team 45 45 League T44"]
[Site "Internet Chess Club"]
[Date "2010.03.14"]
[Round "6"]
[White "OneMissAllie"]
[Black "WilmaP"]
[Result "1-0"]
[WhiteElo "1300"]
[BlackElo "1174"]
[Opening "QGD semi-Slav: 5.e3"]
[ECO "D45"]
[Time "08:00:15"]
[TimeControl "2700+45"]

1. d4 d5 2. c4 c6 3. Nc3 e6 4. e3 Nf6 5. Nf3 Bb4 6. a3 Ba5 7. Bd3 Ne4 8. Qc2 f5
9. O-O O-O 10. Ne5 Qf6 11. cxd5 cxd5 12. Nxe4 dxe4 13. Bc4 Nc6 14. Nxc6 bxc6 15.
Qa4 Qd8 16. Qxc6 Bd7 17. Bxe6+ Bxe6 18. Qxe6+ Kh8 19. b4 Bc7 20. Bb2 f4 21. Rad1
Qh4 22. Qxe4 Rae8 23. Qf3 fxe3 24. Qh3 exf2+ 25. Kh1 Qxh3 26. gxh3 Re2 27. Bc1
h5 28. d5 Bd6 29. b5 h4 30. Kg2 Rf5 31. a4 Ra2 32. Rd4 g5 33. Rg4 Ra1 34. Bxg5
Rxf1 35. Kxf1 Bxh2 36. Bxh4 Rxd5 37. Bxf2 Rd1+ 38. Kg2 Bc7 39. Bd4+ Kh7 40. Rg7+
Kh6 41. Rxc7 Rxd4 42. Rxa7 Rb4 43. Kf3 Rb3+ 44. Ke4 Rxh3 45. Kd5 Rd3+ 46. Kc6
Rc3+ 47. Kb6 Kg6 48. Ka5 Kf6 49. b6 Rb3 50. b7 Ke6 51. Ka6 Kd6 52. Ra8 Ra3 53.
a5 Kc6 54. b8=Q Kc5 55. Qf8+ Kc6 56. Qxa3 Kc7 57. Qc5+ Kd7 58. Qb6 Ke7 59. Ra7+
Kf8 60. Qb8# {Black checkmated} 1-0

[Event "Team 45 45 League T44"]
[Site "Internet Chess Club"]
[Date "2010.03.15"]
[Round "6"]
[White "pawnward"]
[Black "Salvatore"]
[Result "0-1"]
[WhiteElo "1641"]
[BlackElo "1610"]
[Opening "Sicilian: Pelikan (Lasker/Sveshnikov) variation"]
[ECO "B33"]
[Time "19:00:09"]
[TimeControl "2700+45"]

1. e4 c5 2. Nf3 Nc6 3. d4 cxd4 4. Nxd4 Nf6 5. Nc3 e5 6. Ndb5 d6 7. Nd5 Nxd5 8.
exd5 Nb8 9. c4 a6 10. Qa4 Bd7 11. Qa3 Bc8 12. Bd2 Be7 13. Ba5 b6 14. Bb4 O-O 15.
Bxd6 Bxd6 16. Nxd6 Nd7 17. Nxc8 Qxc8 18. Be2 a5 19. Qh3 f5 20. O-O Nc5 21. Rad1
Qd7 22. Rfe1 Qd6 23. b3 Rf6 24. a3 Raf8 25. b4 Ne4 26. bxa5 bxa5 27. Qe3 Rh6 28.
Bf3 Rhf6 29. Bxe4 fxe4 30. c5 Qd7 31. c6 Qc7 32. Qxe4 Rxf2 33. d6 Qb6 34. Kh1
Qa6 35. d7 Rf1+ 36. Rxf1 Rxf1+ {White resigns} 0-1

[Event "Team 45 45 League T44"]
[Site "Internet Chess Club"]
[Date "2010.03.14"]
[Round "6"]
[White "idjit"]
[Black "maestrogaffney"]
[Result "0-1"]
[WhiteElo "1653"]
[BlackElo "1681"]
[Opening "Sicilian: Najdorf, 6.Bg5"]
[ECO "B94"]
[Time "22:06:25"]
[TimeControl "2700+45"]

1. e4 c5 2. Nf3 d6 3. d4 cxd4 4. Nxd4 Nf6 5. Nc3 a6 6. Bg5 Nc6 7. Bc4 Qa5 8.
Nxc6 Qxg5 9. Nd4 Qxg2 10. Qf3 Qxf3 11. Nxf3 e6 12. O-O-O b5 13. Bb3 Bb7 14. Rd4
Be7 15. Rg1 O-O 16. Nd2 Rfc8 17. f4 d5 18. exd5 Bc5 {White resigns} 0-1

[Event "Team 45 45 League T44"]
[Site "Internet Chess Club"]
[Date "2010.03.15"]
[Round "6"]
[White "Manders"]
[Black "Berke"]
[Result "1-0"]
[WhiteElo "1632"]
[BlackElo "1648"]
[Opening "Vienna: Paulsen-Mieses variation"]
[ECO "C26"]
[Time "13:00:07"]
[TimeControl "2700+45"]

1. e4 e5 2. Nc3 Nf6 3. g3 Nc6 4. Bg2 d6 5. Nf3 Bg4 6. h3 Bh5 7. O-O h6 8. d3 Qd7
9. g4 Bg6 10. a4 Be7 11. Be3 a6 12. Nd5 Bd8 13. Nh2 Nxd5 14. exd5 Ne7 15. f4
exf4 16. Bxf4 f5 17. Qe2 O-O 18. b3 Kh7 19. g5 Ng8 20. gxh6 Nxh6 21. Rae1 Bh4
22. Qe6 Rad8 23. Nf3 Bxe1 24. Ng5+ Kh8 25. Qxg6 Bc3 26. Qh7# {Black checkmated}
1-0

[Event "Team 45 45 League T44"]
[Site "Internet Chess Club"]
[Date "2010.03.14"]
[Round "6"]
[White "badmove"]
[Black "daniguti"]
[Result "1/2-1/2"]
[WhiteElo "1741"]
[BlackElo "1543"]
[Opening "Alekhine's defense: modern variation"]
[ECO "B04"]
[Time "16:13:21"]
[TimeControl "2700+45"]

1. e4 Nf6 2. e5 Nd5 3. d4 d6 4. Nf3 c6 5. Bc4 g6 6. exd6 Qxd6 7. O-O Bg7 8. Nbd2
O-O 9. Re1 Bf5 10. c3 Nd7 11. Ne4 Bxe4 12. Rxe4 N7f6 13. Re1 e6 14. Ne5 Nb6 15.
Bf1 Nfd7 16. Bf4 Nxe5 17. Bxe5 Bxe5 18. dxe5 Qd7 19. Re3 Qxd1 20. Rxd1 Rfd8 21.
Red3 Rxd3 22. Rxd3 Nc4 23. Rd7 Nxb2 24. Rxb7 Nd1 25. Rb3 Rd8 26. Be2 a5 27. a4
Rd2 28. Kf1 {Game drawn by mutual agreement} 1/2-1/2

[Event "Team 45 45 League T44"]
[Site "Internet Chess Club"]
[Date "2010.03.16"]
[Round "6"]
[White "powerchess1"]
[Black "rubo"]
[Result "1/2-1/2"]
[WhiteElo "1719"]
[BlackElo "1832"]
[Opening "King's Indian: London system"]
[ECO "A48"]
[Time "19:06:25"]
[TimeControl "2700+45"]

1. d4 Nf6 2. Nf3 g6 3. Bf4 Bg7 4. e3 d6 5. h3 O-O 6. Be2 c5 7. c3 Nbd7 8. O-O
cxd4 9. cxd4 b6 10. Nc3 Bb7 11. Rc1 Rc8 12. Qa4 Bc6 13. Qa6 Rc7 14. Nb5 Nb8 15.
Qa3 Bxb5 16. Bxb5 Qc8 17. b3 a5 18. Nd2 Nd5 19. Bg3 Rc2 20. Nc4 Rxc1 21. Rxc1
Qb7 22. Nd2 Rc8 23. Qb2 Rxc1+ 24. Qxc1 Qc7 25. Qc4 Qxc4 26. Bxc4 {Game drawn by
mutual agreement} 1/2-1/2

[Event "Team 45 45 League T44"]
[Site "Internet Chess Club"]
[Date "2010.03.14"]
[Round "6"]
[White "Portola"]
[Black "BotanicalKnight"]
[Result "0-1"]
[WhiteElo "1742"]
[BlackElo "1574"]
[Opening "Caro-Kann: advance variation"]
[ECO "B12"]
[Time "07:03:12"]
[TimeControl "2700+45"]

1. e4 c6 2. d4 d5 3. e5 Bf5 4. Bd3 Bxd3 5. Qxd3 e6 6. Nf3 Qb6 7. O-O Qa6 8. Qe3
Nd7 9. Nbd2 Nh6 10. c3 Nf5 11. Qf4 c5 12. g4 Nh6 13. Ng5 f6 14. exf6 gxf6 15.
Nh3 Qd3 16. f3 e5 17. dxe5 fxe5 18. Re1 O-O-O 19. Qa4 Kb8 20. Ng5 Qg6 21. Nf1
Nf7 22. Nxf7 Qxf7 23. Kg2 Bd6 24. Ng3 e4 25. fxe4 Bxg3 26. hxg3 Nf6 27. Rf1 Qg6
28. Bf4+ Ka8 29. Be5 Qxg4 30. Bxf6 Rhg8 31. Bh4 Qxh4 32. Rf3 dxe4 33. Re3 Rd2+
{White resigns} 0-1

[Event "Team 45 45 League T44"]
[Site "Internet Chess Club"]
[Date "2010.03.21"]
[Round "6"]
[White "ticopatzer"]
[Black "g8wrb"]
[Result "0-1"]
[WhiteElo "1601"]
[BlackElo "1643"]
[Opening "French: advance, Paulsen attack"]
[ECO "C02"]
[Time "16:00:12"]
[TimeControl "2700+45"]

1. e4 e6 2. d4 d5 3. e5 c5 4. c3 Nc6 5. Nf3 Qb6 6. Be2 cxd4 7. cxd4 Bb4+ 8. Nc3
Bd7 9. O-O Rc8 10. a3 Bxc3 11. bxc3 Nge7 12. Be3 Nf5 13. Qc2 O-O 14. Rab1 Qc7
15. Bd3 Nce7 16. Bd2 Ng6 17. Rb2 f6 18. exf6 Rxf6 19. Re1 b6 20. Ne5 Qd8 21. Bg5
Nxd4 22. Bxf6 Nxc2 23. Bxd8 Nxe1 24. Nxd7 Nxd3 25. Rd2 Rxd8 26. Rxd3 Rxd7 27. c4
Rc7 28. Rc3 Rxc4 29. Rxc4 dxc4 30. Kf1 b5 31. Ke1 Kf7 32. Kd2 Kf6 33. Kc3 a6
{White resigns} 0-1

[Event "Team 45 45 League T44"]
[Site "Internet Chess Club"]
[Date "2010.03.15"]
[Round "6"]
[White "AtomicDog"]
[Black "Sanriet"]
[Result "1-0"]
[WhiteElo "1388"]
[BlackElo "1427"]
[Opening "Sicilian: dragon, Yugoslav attack, Rauser variation"]
[ECO "B76"]
[Time "10:19:50"]
[TimeControl "2700+45"]

1. e4 c5 2. Nf3 d6 3. d4 cxd4 4. Nxd4 Nf6 5. Nc3 g6 6. f3 Bg7 7. Be3 O-O 8. Qd2
Nc6 9. O-O-O Nxd4 10. Bxd4 Be6 11. g4 Qa5 12. Kb1 Rfc8 13. g5 Rxc3 14. Qxc3
Qxa2+ 15. Kc1 Rc8 16. Qa3 Qxa3 17. bxa3 Ne8 18. Bxg7 Nxg7 19. h4 Nh5 20. Bh3
Bxh3 21. Rxh3 Nf4 22. Rh2 Rc3 23. Kb2 Rxf3 24. Rhd2 Ne6 25. e5 Nc5 26. Re1 Na4+
27. Kc1 Rxa3 28. Kb1 dxe5 29. Rxe5 e6 30. Rd7 b6 31. Re1 Nc5 32. Rd4 Kf8 33. Kb2
Rh3 34. Rf1 e5 35. Rg4 a5 36. Re1 e4 37. Rf4 Rh2 38. Kc1 Ke7 39. Ref1 Kd6 40.
Rxf7 Rxh4 41. R1f6+ Ne6 42. Rb7 e3 43. Rxb6+ Kc5 44. Rbxe6 Rh1+ 45. Kb2 Kd4 46.
Rf3 Re1 47. Rf4+ Kd5 48. Rfe4 Rg1 49. R6e5+ Kd6 50. Rxe3 Kd7 51. Rxa5 Kc6 52.
Rae5 Kd6 53. Re1 Rg4 54. R1e4 Rg2 55. Ra5 Rg1 56. Rd4+ Ke6 57. Rad5 Rg2 58. Kb3
Rg3+ 59. Rd3 Rxd3+ 60. Rxd3 Kf5 61. c4 {Black resigns} 1-0

[Event "Team 45 45 League T44"]
[Site "Internet Chess Club"]
[Date "2010.03.13"]
[Round "6"]
[White "Geeloo"]
[Black "SlimeDog2"]
[Result "0-1"]
[WhiteElo "2100"]
[BlackElo "2140"]
[Opening "Bishop's opening: Berlin defense"]
[ECO "C24"]
[Time "02:00:20"]
[TimeControl "2700+45"]

1. e4 e5 2. Bc4 Nf6 3. d3 c6 4. Nf3 d5 5. Bb3 Bb4+ 6. Bd2 Bxd2+ 7. Qxd2 O-O 8.
Nc3 d4 9. Ne2 Qc7 10. O-O a5 11. a3 Nbd7 12. Nh4 Nc5 13. Ba2 Be6 14. Bxe6 fxe6
15. Qg5 a4 16. f4 h6 17. Qg6 exf4 18. Nxf4 Ra5 19. Rf3 Qf7 20. Qg3 Ncd7 21. Qh3
Ne5 22. Rff1 Neg4 23. Ne2 Ne3 24. Nxd4 Nxf1 25. Rxf1 Re8 26. Qf3 Qh5 27. Qg3 Qc5
28. Qf2 e5 29. Ndf5 Qxf2+ 30. Rxf2 Kh7 31. Ne3 b5 32. Nhf5 Rf8 33. g3 Ra7 34.
Nd1 Raf7 35. Nd6 Rd7 36. Nf5 Nxe4 37. Rf1 Nd6 38. g4 Nxf5 39. gxf5 Rd4 40. Ne3
e4 41. dxe4 Rxe4 42. Rf3 Rd8 43. Kg2 Rd2+ 44. Kg3 Re2 45. Ng4 h5 46. f6 Rxg4+
{White resigns} 0-1

[Event "Team 45 45 League T44"]
[Site "Internet Chess Club"]
[Date "2010.03.13"]
[Round "6"]
[White "ToffeePudding"]
[Black "spunni"]
[Result "1/2-1/2"]
[WhiteElo "1986"]
[BlackElo "1910"]
[Opening "QGA: classical, 6...a6"]
[ECO "D27"]
[Time "12:00:56"]
[TimeControl "2700+45"]

1. d4 d5 2. c4 dxc4 3. e3 Nf6 4. Bxc4 e6 5. Nf3 c5 6. O-O a6 7. Bb3 Nc6 8. Nc3
cxd4 9. exd4 Be7 10. Bg5 O-O 11. Qd2 Nd5 12. Rfe1 Bxg5 13. Nxg5 b5 14. Rac1 Bb7
15. Nxd5 exd5 16. Rc3 Nxd4 17. Qxd4 Qxg5 18. f4 Qf5 19. Bc2 Qd7 20. Rh3 f5 21.
Bb3 Rfe8 22. Rhe3 Kf8 23. Re5 Rad8 24. Bc2 Rxe5 25. Rxe5 g6 26. Re3 Kf7 27. Bb3
Qd6 28. Re5 Rd7 29. Kf2 Qc6 30. g3 Qc1 31. Re1 Qc8 32. Re3 Qd8 33. Re5 Rd6 34.
Qa7 Qb6+ 35. Qxb6 Rxb6 36. Bxd5+ Bxd5 37. Rxd5 Rc6 38. Rd7+ Ke6 39. Rd2 {Game
drawn by mutual agreement} 1/2-1/2

[Event "Team 45 45 League T44"]
[Site "Internet Chess Club"]
[Date "2010.03.15"]
[Round "6"]
[White "bogolijubov"]
[Black "screamingeagle"]
[Result "0-1"]
[WhiteElo "1893"]
[BlackElo "2035"]
[Opening "French: advance, Euwe variation"]
[ECO "C02"]
[Time "17:06:11"]
[TimeControl "2700+45"]

1. e4 e6 2. d4 d5 3. e5 c5 4. c3 Nc6 5. Nf3 Bd7 6. Bd3 Qb6 7. dxc5 Bxc5 8. O-O
a5 9. a4 Nge7 10. Na3 Ng6 11. Qe2 O-O 12. Nb5 f6 13. exf6 Rxf6 14. Bg5 Nf4 15.
Bxf4 Rxf4 16. Ng5 h6 17. Nxe6 Rxf2 18. Rxf2 Bxf2+ 19. Qxf2 Qxf2+ 20. Kxf2 Bxe6
21. Nd4 Ne5 22. Ke3 Bf7 23. h3 Re8 24. Kd2 Nxd3 25. Kxd3 Bg6+ 26. Kd2 Be4 27.
Re1 Rf8 28. Re2 Rf1 29. c4 Rg1 30. g4 Rg3 31. Re3 Rg2+ 32. Kc3 Rh2 33. b3 Bg2
34. cxd5 Rxh3 35. Nf5 Rxe3+ 36. Nxe3 Bf3 37. Kd4 g6 38. Ke5 Kf7 39. d6 h5 40.
gxh5 gxh5 41. Nf5 Bc6 42. Nh4 Bd7 43. Nf3 Kg6 44. Nh4+ Kg5 45. Nf3+ Kg4 46. Nd2
h4 47. Nf1 Kg5 48. Nd2 h3 49. Nf1 Bc8 50. Nh2 Kh4 51. Kf6 Kg3 52. Nf1+ Kf2 53.
Nh2 Kg2 54. Ke7 Kxh2 55. d7 Bxd7 56. Kxd7 Kg2 57. Kc7 h2 58. Kxb7 h1=Q 59. Ka6
Qb1 60. Kxa5 Qxb3 {White resigns} 0-1

[Event "Team 45 45 League T44"]
[Site "Internet Chess Club"]
[Date "2010.03.16"]
[Round "6"]
[White "tammany"]
[Black "CapitanTrueno"]
[Result "0-1"]
[WhiteElo "1684"]
[BlackElo "1762"]
[Opening "Ruy Lopez: open (Tarrasch) defense"]
[ECO "C80"]
[Time "19:13:05"]
[TimeControl "2700+45"]

1. e4 e5 2. Nf3 Nc6 3. Bb5 a6 4. Ba4 Nf6 5. O-O Nxe4 6. Re1 Nc5 7. Bxc6 dxc6 8.
Nxe5 Be7 9. d4 Ne6 10. c3 O-O 11. Re3 f6 12. Nf3 Bd6 13. Nbd2 Kh8 14. Nf1 Nf4
15. Ng3 Bg4 16. Re4 g5 17. h3 Be6 18. Bxf4 gxf4 19. Rxe6 fxg3 20. fxg3 Bxg3 21.
Qd3 Qd7 22. Re2 Rae8 23. Rf1 Rxe2 24. Qxe2 Re8 25. Qd3 Qe6 26. Kh1 Qe2 27. Qb1
Kg7 28. a4 h5 29. Ng1 Qe4 30. Qd1 h4 31. b4 Kg6 32. a5 Be1 33. Nf3 Bg3 34. Ng1
Kg7 35. Nf3 Qe2 36. Qb1 Re3 37. Ng1 Qd3 38. Qxd3 Rxd3 39. Rc1 Bf4 40. Rf1 Bg3
41. Ne2 Kf7 42. Nxg3 hxg3 43. Rc1 Ke6 44. Kg1 Kd5 45. Kf1 Rd2 46. Re1 Rf2+ 47.
Kg1 f5 48. h4 Rf4 49. h5 Kc4 50. Re3 Rg4 51. h6 f4 52. h7 fxe3 53. h8=Q e2 54.
Qe5 Kd3 55. Qf5+ Re4 {White resigns} 0-1

[Event "Team 45 45 League T44"]
[Site "Internet Chess Club"]
[Date "2010.03.14"]
[Round "6"]
[White "Paulkov"]
[Black "superbeast"]
[Result "1-0"]
[WhiteElo "2170"]
[BlackElo "1837"]
[Opening "Sicilian: Sveshnikov variation"]
[ECO "B33"]
[Time "13:00:09"]
[TimeControl "2700+45"]

1. e4 c5 2. Nf3 Nc6 3. d4 cxd4 4. Nxd4 Nf6 5. Nc3 e5 6. Ndb5 d6 7. Bg5 a6 8. Na3
b5 9. Bxf6 gxf6 10. Nd5 f5 11. Bd3 Be6 12. c3 Bg7 13. Nc2 O-O 14. O-O f4 15. a4
bxa4 16. Rxa4 a5 17. Na3 Qg5 18. Qd2 Bh3 19. f3 Rab8 20. Nc4 Rb3 21. Nxa5 Nxa5
22. Rxa5 Rfb8 23. Ra2 Be6 24. Bc4 Bxd5 25. Bxd5 R3b6 26. b4 Qe7 27. Rfa1 Rc8 28.
Ra7 Rc7 29. Ra8+ Bf8 30. c4 {Black resigns} 1-0

[Event "Team 45 45 League T44"]
[Site "Internet Chess Club"]
[Date "2010.03.15"]
[Round "6"]
[White "upsan"]
[Black "vaknight"]
[Result "1-0"]
[WhiteElo "1842"]
[BlackElo "1649"]
[Opening "Sicilian"]
[ECO "B50"]
[Time "21:00:33"]
[TimeControl "2700+45"]

1. e4 c5 2. Nf3 d6 3. c4 Nc6 4. Nc3 Nf6 5. d3 g6 6. h3 Bg7 7. Be3 O-O 8. Qd2 a6
9. Be2 Bd7 10. O-O Rb8 11. d4 cxd4 12. Nxd4 Qc8 13. Rac1 Qd8 14. f4 e6 15. Rfd1
Qe7 16. Bf3 Rbd8 17. Nb3 Bc8 18. Bb6 Rd7 19. Qf2 Ne8 20. c5 Qf6 21. Ne2 Qxb2 22.
Rd2 Qa3 23. cxd6 Nf6 24. e5 Nd5 25. Bxd5 exd5 26. Nc3 Nb4 27. Qc5 {Black
resigns} 1-0

[Event "Team 45 45 League T44"]
[Site "Internet Chess Club"]
[Date "2010.03.13"]
[Round "6"]
[White "rayonline53"]
[Black "Constrictor"]
[Result "1-0"]
[WhiteElo "1603"]
[BlackElo "1795"]
[Opening "Alekhine's defense: Scandinavian variation"]
[ECO "B02"]
[Time "10:00:32"]
[TimeControl "2700+45"]

1. e4 Nf6 2. Nc3 d5 3. e5 Ne4 4. Nxe4 dxe4 5. d4 exd3 6. Bxd3 Nc6 7. f4 Qd5 8.
Nf3 Bg4 9. O-O Nd4 10. Be3 Bxf3 11. gxf3 O-O-O 12. Kg2 Nc6 13. Qe2 e6 14. a3 Nd4
15. Qf2 Nf5 16. Bxa7 b6 17. Bxb6 cxb6 18. Qxb6 Bc5 19. Qa6+ Kc7 20. Be4 Qd2+ 21.
Kh3 Rb8 22. Qc6+ Kd8 23. Rad1 Qxd1 24. Rxd1+ Nd4 25. Qxc5 {Black resigns} 1-0

[Event "Team 45 45 League T44"]
[Site "Internet Chess Club"]
[Date "2010.03.13"]
[Round "6"]
[White "Kallistos"]
[Black "wbanks"]
[Result "0-1"]
[WhiteElo "1664"]
[BlackElo "1637"]
[Opening "Evans gambit"]
[ECO "C52"]
[Time "18:03:15"]
[TimeControl "2700+45"]

1. e4 e5 2. Nf3 Nc6 3. Bc4 Bc5 4. b4 Bxb4 5. c3 Ba5 6. O-O Nf6 7. Ng5 O-O 8. Qb3
Qe7 9. Ba3 d6 10. d4 exd4 11. e5 Nxe5 12. Re1 Bb6 13. f4 d3+ 14. Kh1 Nfg4 15.
Nh3 Qh4 16. Nd2 Nxc4 17. Qxc4 Ne3 18. Nf3 Qxe1+ 19. Rxe1 Nxc4 {White resigns}
0-1

[Event "Team 45 45 League T44"]
[Site "Internet Chess Club"]
[Date "2010.03.14"]
[Round "6"]
[White "dinkola"]
[Black "Signalman"]
[Result "1-0"]
[WhiteElo "1725"]
[BlackElo "1466"]
[Opening "King's Indian defense, 3.Nc3"]
[ECO "E61"]
[Time "10:32:38"]
[TimeControl "2700+45"]

1. d4 Nf6 2. c4 g6 3. Nc3 Bg7 4. e3 d6 5. h3 O-O 6. Bd3 Re8 7. Nf3 e5 8. dxe5
dxe5 9. e4 Na6 10. O-O Nc5 11. Bc2 Qe7 12. Bg5 Rd8 13. Nd5 Qd6 14. b4 Ncxe4 15.
Bxe4 Nxe4 16. Bxd8 Qxd8 17. Qc2 f5 18. Rad1 Nd6 19. c5 c6 20. Nc3 e4 21. Rxd6
Bd7 22. Rfd1 exf3 23. Rxd7 Qf6 24. R1d3 fxg2 25. Rxb7 Re8 26. Rxa7 f4 27. Qb3+
Kh8 28. Qf7 Re1+ 29. Kxg2 Qg5+ 30. Rg3 f3+ 31. Qxf3 {Black resigns} 1-0

[Event "Team 45 45 League T44"]
[Site "Internet Chess Club"]
[Date "2010.03.15"]
[Round "6"]
[White "Pablito15"]
[Black "slipkid"]
[Result "0-1"]
[WhiteElo "1513"]
[BlackElo "1547"]
[Opening "Sicilian: Grand Prix attack"]
[ECO "B23"]
[Time "12:00:12"]
[TimeControl "2700+45"]

1. e4 c5 2. Nc3 Nc6 3. f4 e6 4. Nf3 d5 5. Bb5 a6 6. Bxc6+ bxc6 7. d3 Nf6 8. O-O
Be7 9. Qe1 O-O 10. Ng5 h6 11. Nh3 Re8 12. Qg3 a5 13. e5 Nh7 14. f5 Bh4 15. Qf3
exf5 16. g3 Bg5 17. g4 Bxc1 18. Raxc1 Ng5 19. Nxg5 Qxg5 20. Rce1 Qxg4+ 21. Qxg4
fxg4 22. Na4 c4 23. dxc4 dxc4 24. Nb6 Rb8 25. Nxc4 Be6 26. Nd6 Red8 27. b3 f6
28. Ne4 Kf7 29. Nc5 f5 30. Re2 Rd5 31. Nd3 g5 32. a3 Bc8 33. b4 Ke6 34. Nc5+ Ke7
35. c3 Rxc5 36. bxc5 Ba6 37. Rd2 Bxf1 38. Kxf1 Ke6 39. Rd6+ Kxe5 40. Rxc6 Rb3
41. c4 Rxa3 42. Rxh6 Ra4 43. Ra6 Kd4 44. c6 Rxc4 45. Rxa5 Ke4 46. Ra6 Rc5 47.
Kg2 f4 48. Kf2 Ke5 49. Kg2 Kd6 50. h3 Rxc6 51. Ra5 Rc5 52. Ra6+ Ke5 53. hxg4 Rc3
54. Ra5+ Kf6 55. Ra6+ Ke7 56. Ra7+ Kd6 57. Ra6+ Kc7 58. Ra5 Rg3+ 59. Kf2 Rxg4
60. Kf3 Rg3+ 61. Kf2 g4 62. Rf5 Rf3+ 63. Kg2 Kd6 64. Rg5 Rg3+ 65. Kf2 Ke6 66.
Rh5 Kf6 67. Rb5 Rc3 68. Ra5 Rc2+ 69. Kf1 g3 70. Ra3 Kg5 71. Rb3 Rf2+ 72. Kg1 Kg4
73. Rb4 Kh3 74. Rb8 Rd2 75. Rf8 Rd1# {White checkmated} 0-1

[Event "Team 45 45 League T44"]
[Site "Internet Chess Club"]
[Date "2010.03.16"]
[Round "6"]
[White "houseofcook"]
[Black "werty"]
[Result "1/2-1/2"]
[WhiteElo "1440"]
[BlackElo "1537"]
[Opening "French: advance, Euwe variation"]
[ECO "C02"]
[Time "14:00:36"]
[TimeControl "2700+45"]

1. e4 e6 2. d4 d5 3. e5 c5 4. c3 Nc6 5. Nf3 Bd7 6. Be2 Nge7 7. Na3 cxd4 8. cxd4
Nf5 9. Nc2 Qb6 10. O-O Rc8 11. Rb1 Nb4 12. Nxb4 Bxb4 13. Be3 Nxe3 14. fxe3 Bb5
15. a3 Bxe2 16. Qxe2 Be7 17. Rbc1 O-O 18. Rc2 Rc6 19. Rfc1 Rfc8 20. Qd3 Rxc2 21.
Rxc2 Rxc2 22. Qxc2 {Game drawn by mutual agreement} 1/2-1/2

[Event "Team 45 45 League T44"]
[Site "Internet Chess Club"]
[Date "2010.03.11"]
[Round "6"]
[White "rom1"]
[Black "AlonzoB"]
[Result "0-1"]
[WhiteElo "1530"]
[BlackElo "1598"]
[Opening "King's Indian: 6.Be2"]
[ECO "E91"]
[Time "14:26:28"]
[TimeControl "2700+45"]

1. d4 d6 2. c4 g6 3. e4 Bg7 4. Nc3 Nf6 5. Nf3 O-O 6. Be2 Nc6 7. O-O Bg4 8. Be3
Bxf3 9. Bxf3 Re8 10. Qd2 e5 11. Bf4 exf4 {White resigns} 0-1

[Event "Team 45 45 League T44"]
[Site "Internet Chess Club"]
[Date "2010.03.14"]
[Round "6"]
[White "DanMcClintic"]
[Black "Just-Jim"]
[Result "1-0"]
[WhiteElo "1595"]
[BlackElo "1282"]
[Opening "King's gambit"]
[ECO "C30"]
[Time "19:06:34"]
[TimeControl "2700+45"]

1. e4 e5 2. f4 Nc6 3. Bc4 Bc5 4. Nf3 h6 5. fxe5 Qe7 6. d4 Bb4+ 7. c3 Ba5 8. O-O
a6 9. Nfd2 d6 10. Rxf7 Qg5 11. Nb3 Qg6 12. Qf3 Nge7 13. Be3 Bb6 14. h3 d5 15.
Bxd5 Nxd5 16. exd5 Qxf7 17. Qxf7+ Kxf7 18. dxc6 bxc6 19. N1d2 Be6 20. Rf1+ Ke7
21. a3 Rhd8 22. c4 a5 23. c5 a4 24. cxb6 axb3 25. bxc7 Rdc8 26. Rc1 Rxc7 27. Ne4
Bd5 28. Nc5 Ra5 29. Rc3 Ke8 30. g4 Rf7 31. Bf2 Rb5 32. a4 Ra5 33. Kf1 Raa7 34.
Ke2 Rf8 35. h4 Raf7 36. Be1 Bf3+ 37. Kd2 Bxg4 38. Rxb3 Ke7 39. Rb7+ Ke8 40. Rb8+
Ke7 41. Rb7+ Kd8 42. Rb8+ Bc8 43. Ne6+ Ke7 44. Nxf8 Rxf8 45. Ke3 Ke6 46. Bb4 Re8
47. Bc5 Kf7 48. a5 Ba6 49. Rb6 Bb5 50. Rb7+ Re7 51. Rxe7+ {Black resigns} 1-0

[Event "Team 45 45 League T44"]
[Site "Internet Chess Club"]
[Date "2010.03.12"]
[Round "6"]
[White "beerss"]
[Black "medsurg"]
[Result "0-1"]
[WhiteElo "1331"]
[BlackElo "1382"]
[Opening "Bird's opening"]
[ECO "A03"]
[Time "20:00:19"]
[TimeControl "2700+45"]

1. f4 d5 2. Nf3 Bg4 3. e3 Nd7 4. Be2 Ngf6 5. O-O Ne4 6. b3 Bxf3 7. Bxf3 Ndf6 8.
Bb2 e6 9. d3 Nd6 10. Nd2 Be7 11. Qe1 O-O 12. a4 c5 13. Be2 Rc8 14. Rc1 Nfe8 15.
Nf3 Nf5 16. Bd1 c4 17. e4 Nh4 18. Ne5 Ng6 19. Bh5 Nxe5 20. fxe5 Bg5 21. Rd1 cxb3
22. cxb3 Qb6+ 23. d4 Qxb3 24. Bc1 Bxc1 25. Rxc1 Rxc1 26. Qxc1 Qc4 27. exd5 Qxd4+
28. Kh1 Qxe5 29. dxe6 Qxe6 30. Bf3 Nd6 31. Re1 Qd7 32. Rd1 Rc8 33. Qd2 Rd8 34.
h3 b6 35. Qf4 g6 36. Qh4 Re8 37. Qd4 Rd8 38. Qc3 Qxa4 39. Ra1 Qd7 40. Rd1 Rc8
41. Qb3 Qe7 42. Bg4 Rc5 43. Rf1 Qe5 44. Qf3 Qe7 45. Qg3 Kg7 46. Bf3 Nf5 47. Qf4
Ne3 48. Re1 Re5 49. Qd4 Qc5 50. Qa1 f6 51. Qxa7+ Kh6 52. Qb8 Qc3 53. Qf8+ Kg5
54. h4+ Kf5 55. g4+ Nxg4 56. Rxe5+ Nxe5 57. Be4+ Kxe4 58. Qa8+ Kf5 59. Qg2 Qf3
60. Qxf3+ Nxf3 {White resigns} 0-1

[Event "Team 45 45 League T44"]
[Site "Internet Chess Club"]
[Date "2010.03.13"]
[Round "6"]
[White "Zumbi"]
[Black "eurander"]
[Result "0-1"]
[WhiteElo "1995"]
[BlackElo "2214"]
[Opening "Caro-Kann: advance variation"]
[ECO "B12"]
[Time "07:30:00"]
[TimeControl "2700+45"]

1. e4 c6 2. d4 d5 3. e5 c5 4. dxc5 e6 5. Nf3 Nc6 6. Bd3 Qc7 7. Qe2 Bxc5 8. c3
Nge7 9. O-O Ng6 10. Re1 a6 11. h4 Bd7 12. h5 Nge7 13. Be3 Bxe3 14. Qxe3 g6 15.
h6 Nf5 16. Qf4 f6 17. g4 Nfe7 18. Nbd2 fxe5 19. Nxe5 Nxe5 20. Qxe5 Qxe5 21. Rxe5
Nc6 22. Re3 O-O 23. c4 Rf4 24. f3 Nb4 25. a3 Nxd3 26. Rxd3 Bc6 27. cxd5 Bxd5 28.
Rc1 g5 29. Rc7 Rf7 30. Rdc3 Raf8 31. Kg2 Rd8 32. Kg3 Bc6 33. Rxf7 Kxf7 34. Nc4
Kf6 35. Na5 Bd5 36. Rc7 Kg6 37. f4 Kxh6 38. Nxb7 Rb8 39. Nc5 Rxb2 40. fxg5+ Kxg5
41. Rxh7 Rg2+ 42. Kh3 Ra2 43. Rh5+ Kf4 44. a4 Ra3+ 45. Kh4 Rc3 46. Nxe6+ Bxe6
47. Rh6 Ke5 48. Rh5+ Kf4 49. Rh6 Rc1 50. Rf6+ Ke5 51. Rf8 Rc4 52. a5 Rxg4+
{White resigns} 0-1

[Event "Team 45 45 League T44"]
[Site "Internet Chess Club"]
[Date "2010.03.11"]
[Round "6"]
[White "pestka"]
[Black "Ptzz"]
[Result "1-0"]
[WhiteElo "2240"]
[BlackElo "2053"]
[Opening "Queen's pawn game, Darooha variation "]
[ECO "D11"]
[Time "15:06:21"]
[TimeControl "2700+45"]

1. Nf3 d5 2. d4 Nf6 3. c4 c6 4. Qc2 dxc4 5. Qxc4 Bf5 6. g3 e6 7. Bg2 Nbd7 8. O-O
Be7 9. Nc3 h6 10. Re1 Ne4 11. Qb3 Qb6 12. Nh4 Bxh4 13. gxh4 Qxb3 14. axb3 Nef6
15. b4 Bh7 16. Bf4 Nb6 17. b5 Nfd5 18. Bg3 f5 19. bxc6 bxc6 20. Nxd5 Nxd5 21.
Be5 Rg8 22. Ra6 g5 23. Rxc6 Kf7 24. Bxd5 exd5 25. Rc7+ Kg6 26. h5+ Kxh5 27. Rxh7
{Black resigns} 1-0

[Event "Team 45 45 League T44"]
[Site "Internet Chess Club"]
[Date "2010.03.13"]
[Round "6"]
[White "Guoruey"]
[Black "Duguesclin"]
[Result "0-1"]
[WhiteElo "1984"]
[BlackElo "1676"]
[Opening "Scandinavian (center counter) defense"]
[ECO "B01"]
[Time "15:02:43"]
[TimeControl "2700+45"]

1. e4 d5 2. e5 c5 3. Nf3 Bf5 4. Be2 Nc6 5. O-O e6 6. d4 Qb6 7. c3 f6 8. Nh4 Bxb1
9. Rxb1 cxd4 10. cxd4 Qxd4 11. Qb3 Qb4 12. Qh3 Nge7 13. exf6 gxf6 14. Bh5+ Kd7
15. a3 Qe4 16. Bd2 Nd8 17. Rfe1 Qa4 18. Bg4 Qa6 19. Rxe6 Nxe6 20. Re1 f5 21.
Nxf5 Nxf5 22. Bxf5 Re8 23. Qb3 Qc6 24. Rc1 Bc5 25. Bb4 b6 26. Qc3 Rhg8 27. Bxh7
Nf4 28. Bf5+ Kc7 {White resigns} 0-1